 Dungeon Crawl Stone Soup version 0.31-a0-1529-g7bd419a0e5 (webtiles) character file.

Game seed: 8674374610892991690

60 voltaire321 the Digger (level 4, -8/25 HPs)
             Began as a Gargoyle Earth Elementalist on Dec 31, 2023.
             Mangled by a gnoll
             ... wielding a +0 halberd
              (13 damage)
             ... on level 2 of the Dungeon.
             The game lasted 00:03:03 (1499 turns).

voltaire321 the Digger (GrEE)                       Turns: 1499, Time: 00:03:04

Health: -8/25      AC:  7    Str: 14    XL:     4   Next: 4%
Magic:  1/7        EV: 11    Int: 15    God:
Gold:   79         SH:  0    Dex: 10    Spells: 6/7 levels left

rFire   . . .        i - +2 hand axe (flame)
rCold   . . .        (no shield)
rNeg    + . .        h - +0 leather armour
rPois   ∞            (no helmet)
rElec   +            (no cloak)
rCorr   .            d - +0 pair of gloves
SInv    .            (no boots)
Will    .....        (no amulet)
Stlth   ++           (no ring)
HPRegen 0.24/turn    (no ring)
MPRegen 0.10/turn

%: no passive effects
@: no status effects
A: sickness immunity, AC +3, negative energy resistance 1, electricity
resistance, torment resistance 1, petrification resistance
a: no special abilities


You were on level 2 of the Dungeon.
You visited 1 branch of the dungeon, and saw 2 of its levels.

You collected 79 gold pieces.

Inventory:

Hand Weapons
 i - a +2 hand axe of flaming (weapon)
Armour
 d - a +0 pair of gloves (worn)
 h - a +0 leather armour (worn)
Scrolls
 f - a scroll of revelation {unknown}
 g - a scroll of identify {unknown}
Potions
 a - a potion of enlightenment {unknown}
 b - a potion of magic
 c - 2 potions of curing {unknown}
 e - a potion of heal wounds {unknown}


   Skills:
 + Level 1.2 Fighting
 + Level 1.3 Armour
 + Level 2.0 Dodging
 - Level 2.1 Stealth
 + Level 2.4 Spellcasting
 + Level 0.7 Conjurations
 + Level 4.1 Earth Magic
 - Level 1.0 Alchemy


You had 6 spell levels left.
You knew the following spells:

 Your Spells              Type           Power      Damage    Failure   Level
a - Sandblast             Erth           28%        2d8       4%          1

Your spell library contained the following spells:

 Spells                   Type           Power      Damage    Failure   Level
 Passwall                 Erth           14%        N/A       14%         3
 Stone Arrow              Conj/Erth      18%        3d8       28%         3
 Brom's Barrelling Bould  Conj/Erth      9%         2d3       67%         4
 Petrify                  Alch/Erth      9%         N/A       67%         4


Dungeon Overview and Level Annotations

Branches:
Dungeon (2/15)

Altars:


Innate Abilities, Weirdness & Mutations

You are immune to sickness and miasma.
Your stone body is resilient. (AC +3)
You are immune to poison.
You resist negative energy. (rN+)
You are resistant to electric shocks. (rElec)
You are resistant to unholy torment.
You are immune to petrification.


Message History

Aiming: Sandblast (safe; 4% risk of failure)
Press: ? - help, Q - select action Shift-Dir - straight line, f - gnoll
Aim: a gnoll, wielding a +0 club (84% to hit)
The blast of sand hits the gnoll!
The gnoll is severely wounded.
The gnoll hits you with a +0 club.
Aiming: Sandblast (safe; 4% risk of failure)
Press: ? - help, Q - select action Shift-Dir - straight line, f/p - gnoll
Aim: a gnoll, wielding a +0 club (severely wounded, 84% to hit)
The blast of sand hits the gnoll!
You kill the gnoll!
A gnoll comes into view.
It is wielding a +0 halberd and quivering a throwing net.
Your Dodging skill increases to level 2!
You have reached level 4!
You feel stronger.
Aiming: Sandblast (safe; 4% risk of failure)
Press: ? - help, Q - select action Shift-Dir - straight line, f - gnoll
Aim: a gnoll, wielding a +0 halberd and quivering a throwing net (84% to hit)
Okay, then.
The gnoll throws a throwing net.
The throwing net hits you.
You become entangled in the net!
You see here a throwing net.
You struggle against the net.
You struggle against the net.
You shred the net and break free!
Aiming: Sandblast (safe; 4% risk of failure)
Press: ? - help, Q - select action Shift-Dir - straight line, f - gnoll
Aim: a gnoll, wielding a +0 halberd (84% to hit)
The blast of sand misses the gnoll.
The gnoll hits you from afar with a +0 halberd.
Aiming: Sandblast (safe; 4% risk of failure)
Press: ? - help, Q - select action Shift-Dir - straight line, f/p - gnoll
Aim: a gnoll, wielding a +0 halberd (84% to hit)
The blast of sand hits the gnoll!
The gnoll is severely wounded.
The gnoll hits you from afar with a +0 halberd!
* * * LOW HITPOINT WARNING * * *
The gnoll hits you from afar with a +0 halberd!
Ouch! That really hurt!
You die...

........##.# #.# #######.#
#.......##.# #.# #.......#
+.......##.# #.# #######.#
#.#........######.# #.#
#.#.............# #.#
#[#############.# #.# #.# #.# #.#
###.#############.##########.####
...)..........g.@................
###)#############.##########.####
.... #.# ### ###### #.# #.# #.#
#.# #.# #.# ###


You could see a gnoll.

Vanquished Creatures
  2 gnolls (D:2)
  An adder (D:2)
  A dart slug (D:1)
  3 endoplasms
  3 goblins
  4 hobgoblins
  5 ball pythons
  A bat (D:2)
  2 frilled lizards
  4 kobolds
  5 rats
31 creatures vanquished.

Notes
Turn   | Place    | Note
-------+----------+-------------------------------------------
     0 | D:1      | voltaire321 the Gargoyle Earth Elementalist began the quest
                  | for the Orb.
     0 | D:1      | Reached XP level 1. HP: 10/10 MP: 3/3
     6 | D:1      | Noticed a mana viper
     6 | D:1      | Noticed a hound
     6 | D:1      | Noticed an iguana
     7 | D:1      | Noticed a swamp worm
     7 | D:1      | Noticed a boulder beetle
   183 | D:1      | Reached XP level 2. HP: 16/16 MP: 0/5
   363 | D:1      | Reached skill level 1 in Alchemy
  1084 | D:2      | Reached XP level 3. HP: 20/20 MP: 4/6
  1155 | D:2      | Reached skill level 1 in Armour
  1223 | D:2      | Reached skill level 1 in Fighting
  1223 | D:2      | Reached skill level 4 in Earth Magic
  1482 | D:2      | Reached XP level 4. HP: 17/25 MP: 2/7
  1499 | D:2      | Mangled by a gnoll

Illustrated notes

Levels and vault maps discovered:
D:1:      onia_arrival_zoo_common, layout_loops_cross, roderic_cross_of_infinity
D:2:      layout_basic, serial_shops, nicolae_shop_behind_doors,
          supply_closet_lemuel, minmay_3d_cube, uniq_natasha

Skill      XL: |  1  2  3 |
---------------+----------+-----
Alchemy        | 1 |  1.0
Armour         | 1 |  1.3
Fighting       | 1 |  1.2
Earth Magic    | 4 |  4.1
Dodging        | 2 |  2.0
Stealth        | |  2.1
Spellcasting   | |  2.4
Conjurations   | |  0.7

Action                     |  1- 3 |  4- 6 || total
---------------------------+-------+-------++-------
  Melee: Hand axe          |     1 |       ||     1
   Cast: Sandblast         |    38 |     2 ||    40
 Armour: Robe              |     2 |       ||     2
         Leather armour    |     1 |     3 ||     4
  Dodge: Dodged            |     1 |       ||     1

Table legend: (Time is in decaauts)
 A = Elapsed time spent in this place.
 B = Non-inter-level travel time spent in this place.
 C = Inter-level travel time spent in this place.
 D = Time resting spent in this place.
 E = Time spent auto-exploring this place.
 F = Levels seen in this place.
 G = Mean time per level.
                   A        B        C        D        E       F      G
               +--------+--------+--------+--------+--------+-----+--------+
         Total |   1517 |   1517 |      0 |    171 |   1077 |   2 |  758.5 |
       Dungeon |   1517 |   1517 |      0 |    171 |   1077 |   2 |  758.5 |
               +--------+--------+--------+--------+--------+-----+--------+

Top non-repeatable levels by time:
     D:1: 1010 daAuts
     D:2: 506 daAuts
